 Dungeon Crawl Stone Soup version 0.31.0-12-g77e489cdc1 (webtiles) character file.

Game seed: 11968936732428266179

126 safid the Ruffian (level 4, -2/35 HPs)
             Began as a Draconian Shapeshifter on Feb 29, 2024.
             Slain by Grinder (9 damage)
             ... while paralysed by Grinder
             ... on level 3 of the Dungeon.
             The game lasted 00:03:47 (1859 turns).

safid the Ruffian (Draconian Shapeshifter)          Turns: 1859, Time: 00:03:48

Health: -2/35      AC:  5    Str: 25    XL:     4   Next: 84%
Magic:  4/4        EV:  2    Int: 10    God:
Gold:   93         SH:  0    Dex: 10    Spells: 3/3 levels left

rFire   . .          .
                       - Unarmed
rCold   . . .        (no shield)
rNeg    . . .        (body armour unavailable)
rPois   .            (helmet currently unavailable)
rElec   .            (cloak currently unavailable)
rCorr   .            (gloves currently unavailable)
SInv    .            (boots currently unavailable)
Will    .....        (no amulet)
Stlth   +            o - +6 ring of strength
HPRegen 0.25/turn    (no ring)
MPRegen 0.09/turn

%: no passive effects
@: paralysed, mighty, beast-form
A: beast (slay +2), AC +5, unfitting armour, cold-blooded
a: Begin Untransformation


You were on level 3 of the Dungeon.
You were a hulking beast.
You visited 1 branch of the dungeon, and saw 3 of its levels.

You collected 93 gold pieces.

Inventory:

Missiles
 i - a throwing net (quivered)
 l - 6 curare-tipped darts
 q - 3 silver javelins
Jewellery
 o - a +6 ring of strength (left hand)
Talismans
 b - a beast talisman
 c - a flux talisman
Scrolls
 d - a scroll of fear {unknown}
 h - a scroll of identify {unknown}
 k - a scroll of immolation {unknown}
 n - a scroll of enchant armour {unknown}
 r - a scroll of vulnerability {unknown}
Potions
 a - 2 potions of lignification
 e - 2 potions of curing {unknown}
 f - a potion of heal wounds {unknown}
 g - a potion of might
 j - a potion of resistance {unknown}
 m - a potion of berserk rage {unknown}
 p - a potion of experience {unknown}


   Skills:
 + Level 1.3 Fighting
 + Level 2.4 Dodging
 + Level 4.3 Unarmed Combat
 * Level 4.0 Shapeshifting


You had 3 spell levels left.
You didn't know any spells.
Your spell library contained the following spells:

 Spells                   Type           Power      Damage    Failure   Level
 Apportation              Tloc           0%         N/A       36%         1
 Necrotise                Necr           0%         1d4       36%         1
 Sting                    Conj/Alch      0%         1d3       36%         1
 Summon Small Mammal      Summ           0%         N/A       36%         1
 Blink                    Tloc           0%         N/A       50%         2
 Lesser Beckoning         Tloc           0%         N/A       50%         2
 Momentum Strike          Conj/Tloc      0%         3d8       50%         2
 Dazzling Flash           Conj/Hex       0%         N/A       75%         3
 Mephitic Cloud           Conj/Alch/Air  0%         N/A       75%         3
 Curse of Agony           Necr           0%         N/A       100%        5
 Silence                  Hex/Air        0%         N/A       100%        5


Dungeon Overview and Level Annotations

Branches:
Dungeon (3/15)

Altars:

Shops:
D:1 :

Annotations:
D:3 Grinder


Innate Abilities, Weirdness & Mutations

You are a hulking beast.
Your limbs bulge with bestial killing power. (Slay +2)
Your plain brown scales are hard. (AC +5)
You cannot fit into any form of body armour.
You are cold-blooded and may be slowed by cold attacks.


Message History

Unknown command.
Unknown command.
Unknown command.
Unknown command.
Unknown command.
Unknown command.
Unknown command.
Unknown command.
Unknown command.
Unknown command.
Unknown command.
Unknown command.
Unknown command.
Unknown command.
Unknown command.
You hit Grinder.
Grinder is lightly wounded.
Grinder blinks!
Unknown command.
Okay, then.
It was a potion of might.
You feel very mighty all of a sudden.
Grinder blinks!
Grinder barely misses you.
You punch Grinder!
Grinder is moderately wounded.
Grinder hits you.
* * * LOW HITPOINT WARNING * * *
You writhe in agony.
* * * LOW HITPOINT WARNING * * *
You pummel Grinder!!
Grinder is almost dead.
Grinder blinks!
Grinder gestures at you.
You suddenly lose the ability to move!
Grinder grins, showing sharp teeth.
Grinder says, "Tell me all your secrets, or I'll kill you."
Grinder hits you!
You die...
Grinder says, "Hey, I wasn't done torturing you yet!"

#....... #...#### .# #...#
# #+#.## #...# #
#######.#.##.#...# #
#..###.......#.##.....# #
#......?.......###....####
...............# ####††.##
#...##.#.h.....# ###.##
#.. #.#.5.....# ###... #
#.#.......######.....
#.#..................
.............##......
#..#.....†...###.##..
#..#..........##.# ..
..............##.# ..
................ ..


You could see Grinder.

Vanquished Creatures
  6 adders
  An adder skeleton (D:2)
  A dart slug (D:3)
  4 ribbon worms (D:2)
  6 bats
  5 endoplasms
  2 giant cockroaches
  3 hobgoblins
  9 jackals
  6 ball pythons
  2 ball python zombies (D:2)
  6 frilled lizards
  2 goblins
  2 kobolds (D:1)
  2 quokka skeletons (D:2)
  A quokka zombie (D:2)
  5 rats
63 creatures vanquished.

Notes
Turn   | Place    | Note
-------+----------+-------------------------------------------
     0 | D:1      | safid the Draconian Shapeshifter began the quest for the
                  | Orb.
     0 | D:1      | Reached XP level 1. HP: 16/16 MP: 1/1
   156 | D:1      | Reached XP level 2. HP: 21/23 MP: 2/2
   305 | D:1      | Found Hotorip's Book Boutique.
   631 | D:2      | Reached XP level 3. HP: 19/28 MP: 3/3
  1332 | D:2      | Reached XP level 4. HP: 35/35 MP: 4/4
  1531 | D:3      | Found a faded altar of an unknown god.
  1839 | D:3      | Noticed Grinder
  1843 | D:3      | Paralysed by Grinder for 4 turns
  1856 | D:3      | Paralysed by Grinder for 4 turns
  1859 | D:3      | Slain by Grinder

Illustrated notes

Levels and vault maps discovered:
D:1:      moated_graveyard_arrival, layout_basic, serial_shops, shop,
          columned_hall_lemuel, minmay_unequal
D:2:      layout_loops_ring, serial_undead, serial_undead_a, serial_undead_e,
          serial_undead_c, serial_undead_a, kennysheep_flooded_box
D:3:      minmay_razor_zed, layout_basic,
          hellmonk_ecumenical_altar_slurped_away, minmay_lizard_king,
          uniq_sigmund, uniq_grinder

Skill      XL: |  1  2  3  4 |
---------------+-------------+-----
Dodging        | 2 |  2.4
Unarmed Combat | 4 |  4.3
Shapeshifting  | 4 |  4.0
Fighting       | |  1.3

Action                     |  1- 3 |  4- 6 || total
---------------------------+-------+-------++-------
  Melee: Unarmed           |   123 |    64 ||   187
         Tailslap          |    12 |     6 ||    18
         Punch             |     3 |       ||     3
    Use: Potion            |       |     1 ||     1
 Armour: Skin              |    58 |    36 ||    94
  Dodge: Dodged            |    80 |    61 ||   141
